 Dungeon Crawl Stone Soup version 0.22-a0-512-g0943f25 (webtiles) character file.

101 iamserjio the Covered (level 4, -2/36 HPs)
             Began as a Demonspawn Fighter on June 18, 2018.
             Killed by divine providence
             ... invoked by an orc priest
              (14 damage)
             ... on level 3 of the Dungeon.
             The game lasted 00:03:40 (2375 turns).

iamserjio the Covered (Demonspawn Fighter)          Turns: 2375, Time: 00:03:41

Health: -2/36      AC:  7    Str: 17    XL:     4   Next: 48%
Magic:  4/4        EV:  7    Int:  9    God:
Gold:   137        SH:  9    Dex: 13    Spells: 3/3 levels left

rFire    . . .     SeeInvis .   a - +0 war axe
rCold    . . .     Gourm    .   c - +0 shield
rNeg     . . .     Faith    .   b - +0 scale mail
rPois    .         Spirit   .   (no helmet)
rElec    .         Reflect  .   (no cloak)
rCorr    .         Harm     .   (no gloves)
MR       .....                  (no boots)
Stlth    ..........             (no amulet)
HPRegen  0.12/turn              (no ring)
MPRegen  0.09/turn              (no ring)

@: no status effects
A: talons 2, rugged brown scales 1
a: no special abilities


You were on level 3 of the Dungeon.
You were not hungry.

You visited 1 branch of the dungeon, and saw 3 of its levels.

You collected 137 gold pieces.

Inventory:

Hand Weapons
 a - a +0 war axe (weapon)
Missiles
 h - 47 stones (quivered)
Armour
 b - a +0 scale mail (worn)
 c - a +0 shield (worn)
Jewellery
 i - an uncursed amulet of the acrobat {unknown}
Scrolls
 e - a scroll of blinking {unknown}
 j - 2 scrolls of teleportation {unknown}
 k - 3 scrolls of identify {unknown}
 n - a scroll of enchant weapon {unknown}
 o - a scroll of enchant armour {unknown}
 p - a scroll of fear {unknown}
Potions
 d - 2 potions of might
 g - a potion of brilliance {unknown}
 l - a potion of invisibility {unknown}
 m - a potion of curing {unknown}
 q - a potion of heal wounds {unknown}
Comestibles
 f - 7 rations
 r - 2 chunks of flesh


   Skills:
 - Level 3.0 Fighting
 * Level 3.3 Axes
 + Level 3.3 Armour
 + Level 3.3 Shields


You had 3 spell levels left.
You didn't know any spells.
Your spell library was empty.

Dungeon Overview and Level Annotations

Branches:
Dungeon (3/15)

Altars:


Innate Abilities, Weirdness & Mutations

You have razor-sharp toenails.
You are partially covered in rugged brown scales. (AC +1, +3% HP)


Message History

You slash the orc!
You kill the orc!
The orc priest invokes the aid of Beogh against you.
Pain shoots through your body!
You are too injured to fight recklessly!
Things that are here:
a short sword; a leather armour You hit the orc priest.
The orc priest is moderately wounded.
The orc priest looks satisfied for a moment.
You barely miss the orc priest. Your kick misses the orc priest.
The orc priest is moderately wounded.
The orc priest invokes the aid of Beogh against you.
Beogh smites you!
The orc priest hits you but does no damage.
You closely miss the orc priest.
The orc priest is moderately wounded.
The orc priest mumbles some strange prayers to Beogh against you.
Beogh smites you!
You die...

..# #.# ##.##...########.#
#..##.# #..####..#....(..#
#.#..###.######........#####
#...###..###.........))#...#
###...........###......<#...#
.....(....##### #.......#...#
........#....# #.#######...#
.........###.####.####...)..#
o.)#####.###...o@.#....##...#
##...###............#####...#
###.#......#..........##..>#
#.).####............##...#
.......................######
####.....##............#
#......>..........###
#...###...........# #...#
###.........#


You could see an orc priest.

Vanquished Creatures
  A centaur zombie (D:3)
  A worm (D:2)
  A dart slug (D:1)
  3 leopard geckos
  7 orcs
  A ball python (D:1)
  5 bats
  2 giant cockroaches
  7 goblins
  5 hobgoblins
  2 frilled lizards
  8 kobolds
  6 rats
49 creatures vanquished.

Notes
Turn   | Place    | Note
-------+----------+-------------------------------------------
     0 | D:1      | iamserjio the Demonspawn Fighter began the quest for the Orb.
     0 | D:1      | Reached XP level 1. HP: 18/18 MP: 1/1
   373 | D:1      | Gained mutation: You are partially covered in rugged brown scales. (AC +1, +3% HP) [demonic ancestry]
   373 | D:1      | Reached XP level 2. HP: 18/24 MP: 2/2
  1190 | D:2      | Gained mutation: You have sharp toenails. [demonic ancestry]
  1190 | D:2      | Reached XP level 3. HP: 26/29 MP: 3/3
  2102 | D:3      | Gained mutation: You have razor-sharp toenails. [demonic ancestry]
  2102 | D:3      | Reached XP level 4. HP: 17/36 MP: 4/4
  2375 | D:3      | Killed from afar by an orc priest

Vault maps used:
D:1:      nicolae_arrival_somewhat_less_tricky_arrival
D:3:      lemuel_blue_sif_altar, elyvilon_altar_4

Skill      XL: |  1  2  3 |
---------------+----------+-----
Axes           | 2 3 |  3.3
Armour         | 3 |  3.3
Shields        | 3 |  3.3
Fighting       | |  3.0

Action                   |  1- 3 |  4- 6 || total
-------------------------+-------+-------++-------
Melee: War axe           |   101 |    23 ||   124
       Kick              |    16 |     6 ||    22
  Eat: Chunk             |     4 |     1 ||     5
Armor: Scale mail        |    39 |    14 ||    53
Dodge: Dodged            |    27 |     2 ||    29
Block: Shield            |    55 |     9 ||    64

Table legend:
 A = Spawn XP
 B = Non-spawn XP
 C = Spawn XP percentage of total XP
 D = Spawn monster count
 E = Non-spawn monster count
 F = Spawn count percentage of total count
 G = Total turns spent on level
                    A         B        C        D         E        F      G
               +---------+---------+-------+---------+---------+-------+---------
         Total |       0 |     145 |   0.0 |       0 |      49 |   0.0 |  2375
               +---------+---------+-------+---------+---------+-------+---------
           D:1 |       0 |      34 |   0.0 |       0 |      19 |   0.0 |  1017
           D:2 |       0 |      41 |   0.0 |       0 |      20 |   0.0 |  1108
           D:3 |       0 |      70 |   0.0 |       0 |      10 |   0.0 |   250
               +---------+---------+-------+---------+---------+-------+---------
